 Dungeon Sprint DCSS version 0.29.1-12-g30fa7ad0bf (webtiles) character file.

Game seed: 14412260896917765437

7671 Groucho the Unseen (level 10, -19/46 HPs)
             Began as a Spriggan Enchanter on Jan 2, 2023.
             Was a High Priest of Dithmenos.
             Demolished by a manticore (22 damage)
             ... in the Dungeon (Sprint II: "The Violet Keep of Menkaure").
             The game lasted 00:12:22 (1915 turns).

Groucho the Unseen (Spriggan Enchanter)             Turns: 1915, Time: 00:12:23

Health: -19/46     AC:  4    Str:  8    XL:     10   Next: 99%
Magic:  17/30      EV: 19    Int: 20    God:    Dithmenos [*****.]
Gold:   5          SH:  2    Dex: 16    Spells: 28/39 levels left

rFire   + . .      SeeInvis +   l - +8 short sword "Eviscerator" {vorpal, SInv}
rCold   + . .      Faith    .   (no shield)
rNeg    . . .      Spirit   .   b - +0 robe
rPois   .          Reflect  .   j - +0 hat {Int+3}
rElec   .          Harm     .   f - scarf {rC+ rF+}
rCorr   .          Rampage  .   (gloves unavailable)
Will    +....      NoTele   +   (boots unavailable) Stlth *+++++++++
                                (no amulet)
HPRegen 0.15/turn               d - ring of the Octopus King {Fly HP+2 AC+2 EV+2 SH+2}
MPRegen 0.22/turn               (no ring)

@: mighty, spiked, flying, wreathed by umbra, very quick
A: very small, no large weapons, unfitting armour, see invisible, speed 3
a: Renounce Religion, Shadow Step, Shadow Form


You were in the Dungeon.
You worshipped Dithmenos.
Dithmenos was extremely pleased with you.
You visited 1 branch You collected 1304 gold pieces.
You spent 1299 gold pieces at shops.

Inventory:

Hand Weapons
 a - a +1 dagger
 l - the +8 short sword "Eviscerator" (weapon) {vorpal, SInv}
   (You bought it in a shop in the Dungeon)

   It inflicts extra damage upon your enemies.
   SInv:      It lets you see invisible.
Missiles
 m - 6 stones (quivered)
Armour
 b - a +0 robe (worn)
 f - a scarf of resistance (worn)
 j - a +0 hat of intelligence (worn)
Jewellery
 d - a ring of the Octopus King (left hand) {Fly HP+2 AC+2 EV+2 SH+2}
   (You bought it in a shop in the Dungeon)

   [ring of flight]

   AC:        It affects your AC (+2).
   EV:        It affects your evasion (+2).
   HP:        It affects your health (+2).
   Fly:       It grants you flight.
   SH:        It affects your SH (+2).
Scrolls
 e - a scroll of identify {unknown}
Potions
 g - 2 potions of magic
 h - a potion of berserk rage
 k - a potion of brilliance


   Skills:
 + Level 11.2 Short Blades
 - Level 2.6 Dodging
 - Level 18.0 Stealth
 - Level 15.0 Spellcasting
 - Level 14.0 Hexes
 + Level 14.4 Invocations


You had 28 spell levels left.
You knew the following spells:

 Your Spells              Type           Power      Damage    Failure   Level
a - Ensorcelled Hibernat  Hex/Ice        86%        N/A       1%          2
b - Confusing Touch       Hex            63%        N/A       1%          3
c - Dazzling Flash        Conj/Hex       86%        N/A       1%          3
d - Tukima's Dance        Hex            63%        N/A       1%          3

Your spell library contained the following spells:

 Spells                   Type           Power      Damage    Failure   Level


Dungeon Overview and Level Annotations

Branches:
Dungeon (1/1)

Altars:
Cheibriados
Dithmenos
Elyvilon
Fedhas
Gozag
Hepliaklqana
Kikubaaqudgha
Makhleb
Nemelex Xobeh
Okawaru
Qazlal
Ru
Sif Muna
Trog
Uskayaw
Vehumet
Wu Jian
Xom
Yredelemnul
Zin
The Shining One
Jiyva
Lugonu

Shops:
D :!(=!?=:?[!([[*

Annotations:
D exclusions: oklob plant and orange crystal statue


Innate Abilities, Weirdness & Mutations

You are very small and have problems with some larger weapons.
You are too small for most types of armour.
You have supernaturally acute eyesight. (SInv)
You cover ground extremely quickly. (Speed+++)


Message History

Aim: a wyvern (umbra, chance to affect: 67%)
The wyvern struggles to resist.
The wyvern bites you!
* * * LOW HITPOINT WARNING * * *
Unknown command.
You feel better. The wyvern closely misses you.
The wyvern completely misses you.
Casting: Ensorcelled Hibernation (safe; 1% risk of failure)
Confirm with . or Enter, or press ? or * to list all spells.
Aiming: Ensorcelled Hibernation (safe; 1% risk of failure)
Press: ? - help, Shift-Dir - straight line, f/p - wyvern
Aim: a wyvern (umbra, chance to affect: 67%)
The wyvern looks drowsy...
The helpless wyvern fails to defend itself.
You skewer the wyvern like a kebab!!!!!
You kill the wyvern!
Dithmenos accepts your kill.
Unknown command.
The manticore flicks its tail.
The volley of spikes hits you!
The barbed spikes become lodged in your body.
* * * LOW HITPOINT WARNING * * *
Unknown command.
Casting: Ensorcelled Hibernation (safe; 1% risk of failure)
Confirm with . or Enter, or press ? or * to list all spells.
Aiming: Ensorcelled Hibernation (safe; 1% risk of failure)
Press: ? - help, Shift-Dir - straight line, f - manticore
Aim: a manticore (umbra, chance to affect: 50%)
The manticore resists with some effort.
Casting: Ensorcelled Hibernation (safe; 1% risk of failure)
Confirm with . or Enter, or press ? or * to list all spells.
Aiming: Ensorcelled Hibernation (safe; 1% risk of failure)
Press: ? - help, Shift-Dir - straight line, f/p - manticore
Aim: a manticore (umbra, chance to affect: 50%)
The manticore looks drowsy...
The helpless manticore fails to defend itself.
You spit the manticore like a pig!!!!!
You kill the manticore!
Dithmenos accepts your kill. The manticore bites you!!
You die... #l.$$.#+▓ ≈≈≈ #$GH.# $▓▓ ≈≈S ##l'## 9E+ ## S≈ ##≈^.H###9# ~## ≈≈ #)≈^.l..#E# ~~#+++#++ ####...J#!## ~~..... .. #..'....#9†# ~~~.##+##..#..####.#..# ~~~##.#.##.####.@HH##.# ~~~#..#..# ...#.†#...#### ~#####.#####..#####..##)# $)$??

##.###'###.##..#..'..#††#▓)$$[?
#.#.##.##.).#..#.|#..#†.#▓?:!?!
'##.'.<.'.#.'..####^.##.#▓:$$)$$
##..##.##...#....###...##▓▓▓▓▓▓▓
##.###'###.##......~~~~~~~~~~~~~
~####...####~~.....~#'########+##


You could see 2 manticores.

Vanquished Creatures
  A deep elf master archer (D)
  A fire dragon (D)
  An ice dragon (D)
  2 death drakes (D)
  A merfolk siren (D)
  A manticore (D)
  A yaktaur (D)
  3 polar bears (D)
  A hornet (D)
  3 slime creatures (D)
  3 yaks (D)
  A wyvern (D)
  4 neqoxecs (D)
  2 redbacks (D)
  Menkaure (D)
  A water moccasin (D)
  2 swamp drakes (D)
  4 necrophages (D)
  An earth elemental (D)
  5 scorpions (D)
39 creatures vanquished.

Notes
Turn   | Place    | Note
-------+----------+-------------------------------------------
     0 | D        | Groucho the Spriggan Enchanter began the quest for the Orb.
     0 | D        | Reached XP level 1. HP: 9/9 MP: 5/5
     3 | D        | Noticed a neqoxec
     3 | D        | Noticed a neqoxec
     3 | D        | Noticed a neqoxec
     3 | D        | Noticed a neqoxec
     6 | D        | Noticed a scorpion
     6 | D        | Noticed a scorpion
     8 | D        | Noticed a scorpion
     8 | D        | Noticed a scorpion
    13 | D        | Killed a scorpion
    14 | D        | Reached skill level 8 in Stealth
    14 | D        | Reached skill level 5 in Hexes
    14 | D        | Reached XP level 2. HP: 11/13 MP: 5/8
    14 | D        | Reached XP level 3. HP: 14/16 MP: 6/10
    31 | D        | Killed a scorpion
    32 | D        | Reached skill level 10 in Stealth
    32 | D        | Reached skill level 5 in Spellcasting
    32 | D        | Reached XP level 4. HP: 10/21 MP: 7/12
    34 | D        | Killed a scorpion
    35 | D        | Reached skill level 5 in Short Blades
    35 | D        | Reached skill level 11 in Stealth
    35 | D        | Reached XP level 5. HP: 12/24 MP: 7/14
    39 | D        | Reached skill level 12 in Stealth
    46 | D        | Noticed a merfolk siren
    49 | D        | Killed a merfolk siren
    50 | D        | Reached skill level 15 in Stealth
    50 | D        | Reached XP level 6. HP: 15/28 MP: 8/18
    50 | D        | Reached XP level 7. HP: 17/32 MP: 8/20
    57 | D        | Killed a neqoxec
    58 | D        | Reached skill level 16 in Stealth
    59 | D        | Killed a neqoxec
    61 | D        | Killed a neqoxec
    62 | D        | Reached skill level 17 in Stealth
    62 | D        | Reached skill level 10 in Hexes
    64 | D        | Killed a neqoxec
    65 | D        | Reached skill level 10 in Spellcasting
    65 | D        | Reached XP level 8. HP: 20/36 MP: 9/23
    78 | D        | Reached skill level 18 in Stealth
   273 | D        | Found Soynuh Kuof's Assorted Antiques.
   273 | D        | Found Zaschi Mebo's Antique Armour Shop.
   273 | D        | Found Zaxuipn's Magic Scroll Boutique.
   273 | D        | Found Yrodiz's Antique Weapon Boutique.
   273 | D        | Found Kofatez's Antique Armour Boutique.
   273 | D        | Found Lahedd's Book Shop.
   273 | D        | Found Vomoeq's Distillery.
   273 | D        | Found Zimum's Jewellery Boutique.
   274 | D        | Found Peavatat's Antique Armour Shop.
   274 | D        | Found Fowk's Magic Scroll Boutique.
   274 | D        | Found Jamn's Distillery.
   279 | D        | Learned a level 2 spell: Ensorcelled Hibernation
   283 | D        | Learned a level 3 spell: Confusing Touch
   287 | D        | Learned a level 3 spell: Dazzling Flash
   291 | D        | Learned a level 3 spell: Tukima's Dance
   291 | D        | Found Buibomm's Jewellery Shop.
   291 | D        | Noticed Menkaure
   291 | D        | Noticed a cane toad
   314 | D        | Killed Menkaure
   318 | D        | Noticed a cane toad
   652 | D        | Found Qamaburr's Antique Weapon Boutique.
   652 | D        | Found Adia's Distillery.
   652 | D        | Noticed an oklob plant
   653 | D        | Found Poruz's Book Shoppe.
   685 | D        | Bought a ring of the Octopus King {Fly HP+2 AC+2 EV+2 SH+2}
                  | for 592 gold pieces
   685 | D        | Found the ring of the Octopus King {Fly HP+2 AC+2 EV+2
                  | SH+2}
   700 | D        | Bought an embroidered scarf for 168 gold pieces
   705 | D        | Bought an embroidered hat for 147 gold pieces
   754 | D        | Found a glowing golden altar of the Shining One.
   754 | D        | Found an ornate altar of the Wu Jian Council.
   755 | D        | Found a shimmering altar of Xom.
   755 | D        | Found a sacrificial altar of Ru.
   756 | D        | Found a basalt altar of Yredelemnul.
   756 | D        | Found a shimmering blue altar of Sif Muna.
   757 | D        | Found a glowing silver altar of Zin.
   757 | D        | Found a bloodstained altar of Trog.
   757 | D        | Found an ancient bone altar of Kikubaaqudgha.
   757 | D        | Found a stormy altar of Qazlal.
   757 | D        | Found a viscous altar of Jiyva.
   758 | D        | Found a hide-covered altar of Uskayaw.
   758 | D        | Found a corrupted altar of Lugonu.
   758 | D        | Found a shadowy altar of Dithmenos.
   759 | D        | Found a hazy altar of Hepliaklqana.
   759 | D        | Found a snail-covered altar of Cheibriados.
   768 | D        | Found a white marble altar of Elyvilon.
   768 | D        | Found a burning altar of Makhleb.
   768 | D        | Found a radiant altar of Vehumet.
   770 | D        | Noticed an orange crystal statue
   786 | D        | Noticed a polar bear
   797 | D        | Found a sparkling altar of Nemelex Xobeh.
   797 | D        | Found a blossoming altar of Fedhas.
   798 | D        | Found an iron altar of Okawaru.
   798 | D        | Found an opulent altar of Gozag.
   799 | D        | Noticed a yaktaur
   799 | D        | Noticed a hornet
   800 | D        | Noticed a polar bear
   800 | D        | Noticed a polar bear
   801 | D        | Killed a polar bear
   802 | D        | Reached skill level 10 in Short Blades
   802 | D        | Killed a polar bear
   804 | D        | Killed a hornet
   805 | D        | Reached XP level 9. HP: 39/39 MP: 23/26
   805 | D        | Killed a polar bear
   807 | D        | Killed a yaktaur
   823 | D        | Became a worshipper of Dithmenos the Shadowed
   840 | D        | Noticed a deep elf master archer
   845 | D        | Killed a deep elf master archer
   846 | D        | Reached skill level 15 in Spellcasting
   859 | D        | Reached * piety under Dithmenos
   860 | D        | Reached XP level 10. HP: 44/44 MP: 30/30
   871 | D        | Noticed an ice dragon
   885 | D        | Killed an ice dragon
   886 | D        | Reached skill level 10 in Invocations
  1222 | D        | Bought a potion of invisibility for 88 gold pieces
  1224 | D        | Bought a potion of might for 56 gold pieces
  1224 | D        | Bought a potion of brilliance for 56 gold pieces
  1264 | D        | Noticed a death drake
  1270 | D        | Noticed a death drake
  1270 | D        | Noticed a crystal guardian
  1271 | D        | Reached ** piety under Dithmenos
  1272 | D        | HP: 2/46 [crystal guardian/crystal bolt (25)]
  1724 | D        | Noticed an electric golem
  1724 | D        | Noticed a toenail golem
  1726 | D        | Killed a death drake
  1728 | D        | Killed a death drake
  1734 | D        | Noticed a fire dragon
  1737 | D        | Killed a fire dragon
  1737 | D        | Reached *** piety under Dithmenos
  1780 | D        | Bought a crude short sword for 192 gold pieces
  1780 | D        | Identified the +8 short sword "Eviscerator" {vorpal, SInv}
                  | (You bought it in a shop in the Dungeon)
  1886 | D        | Noticed a shining eye
  1886 | D        | Noticed a manticore
  1886 | D        | Noticed a shining eye
  1886 | D        | Noticed a shining eye
  1887 | D        | Noticed a manticore
  1887 | D        | Noticed a death yak
  1887 | D        | Noticed a manticore
  1888 | D        | Reached **** piety under Dithmenos
  1907 | D        | Reached ***** piety under Dithmenos
  1915 | D        | Killed a manticore
  1915 | D        | Demolished by a manticore

Illustrated notes

Levels and vault maps discovered:
D:        the_violet_keep_of_menkaure [sprint2_stairs_cluster_1,
          sprint2_shoproom, sprint2_temple, sprint2_basic_supplies,
          sprint2_obstacle_5, sprint2_obstacle_4, sprint2_obstacle_7,
          sprint2_obstacle_6, sprint2_obstacle_3, sprint2_timed_cluster_1,
          sprint2_smallroom_cluster_1, sprint2_smallroom_final_cluster_1,
          sprint2_transparent_cluster_1, sprint2_second_timed_cluster_1,
          sprint2_sniper_area_1, sprint2_heavy_combat_area_1,
          sprint2_mutation_trap_area_1, sprint2_forest_area_1,
          sprint2_light_combat_area_1, sprint2_behind_water_1,
          sprint2_near_end_vault_1]

Skill      XL: |  1  2  3  4  5  6  7  8  9 10 |
---------------+-------------------------------+-----
Short Blades   | 3 4 5 7 8 10 11 | 11.2
Stealth        | 8 10 11 15 17 18 | 18.0
Spellcasting   | 4 5 6 8 10 12 15 | 15.0
Hexes          | 5 6 9 10 12 14 | 14.0
Invocations    | 7 14 | 14.4
Dodging        | |  2.6

Action                   |  1- 3 |  4- 6 |  7- 9 | 10-12 || total
-------------------------+-------+-------+-------+-------++-------
Melee: Dagger            |    21 |     4 |    28 |    15 ||    68
       Short sword       |       |       |       |    17 ||    17
       Punch             |       |       |       |     1 ||     1
 Cast: Ensorcelled Hiber |       |       |     1 |     8 ||     9
       Confusing Touch   |       |       |     1 |     3 ||     4
       Dazzling Flash    |       |       |       |     1 ||     1
  Use: Potion            |     3 |       |     1 |     5 ||     9
       Scroll            |       |       |       |     1 ||     1
 Stab: Sleeping          |     1 |     2 |    13 |    14 ||    30
       Invisible         |     1 |     1 |     4 |       ||     6
       Confused          |       |       |     1 |     2 ||     3
Armor: Robe              |     1 |       |       |     2 ||     3
Dodge: Dodged            |     8 |       |     3 |    10 ||    21
Block: Other             |       |       |       |     1 ||     1
